 Dungeon Crawl Stone Soup version 0.29.1-1-gd02db6906a (webtiles) character file.

Game seed: 4566659519719212818

175 keekatzer the Ruffian (level 5, -2/49 HPs)
             Began as a Troll Transmuter on Sept 29, 2022.
             Slain by Pargi (4 damage)
             ... on level 3 of the Dungeon.
             The game lasted 00:11:28 (2176 turns).

keekatzer the Ruffian (Troll Transmuter)            Turns: 2176, Time: 00:11:29

Health: -2/49      AC:  5    Str: 18    XL:     5   Next: 29%
Magic:  7/7        EV: 10    Int:  9    God:
Gold:   192        SH:  0    Dex: 12    Spells: 5/8 levels left

rFire   . . .      SeeInvis .     - Unarmed
rCold   . . .      Faith    .   (no shield)
rNeg    . . .      Spirit   .   a - +0 robe
rPois   .          Reflect  .   j - +1 hat {Stlth+}
rElec   .          Harm     .   (no cloak)
rCorr   .          Rampage  .   (gloves unavailable)
Will    .....                   (boots unavailable)
Stlth   ++........              (no amulet)
HPRegen 0.96/turn               (no ring)
MPRegen 0.10/turn               (no ring)

@: no status effects
A: large, unfitting armour, claws 3, regeneration 1, shaggy fur 1, tough skin 1
a: no special abilities


You were on level 3 of the Dungeon.
You visited 1 branch of the dungeon, and saw 3 of its levels.

You collected 192 gold pieces.

Inventory:

Missiles
 q - 2 large rocks
Armour
 a - a +0 robe (worn)
 j - a +1 hat of stealth (worn)
Wands
 k - a wand of flame (22)
 r - a wand of quicksilver (13)
Scrolls
 d - a scroll of torment {unknown}
 f - a scroll of immolation {unknown}
 h - 2 scrolls of identify {unknown}
 i - a scroll of magic mapping {unknown}
 m - a scroll of amnesia {unknown}
 o - 3 scrolls of teleportation {unknown}
 p - a scroll of enchant weapon {unknown}
Potions
 b - a potion of lignification
 c - 4 potions of brilliance {unknown}
 e - a potion of berserk rage {unknown}
 g - 3 potions of curing {unknown}
 l - a potion of mutation {unknown}
 n - a potion of degeneration {unknown}


   Skills:
 - Level 2.0 Fighting
 - Level 1.5 Dodging
 - Level 3.0 Unarmed Combat
 + Level 2.0 Spellcasting
 + Level 2.4 Transmutations
 + Level 1.7 Ice Magic


You had 5 spell levels left.
You knew the following spells:

 Your Spells              Type           Power      Damage    Failure   Level
a - Beastly Appendage     Tmut           10%        N/A       13%         1
b - Wereblood             Tmut           5%         N/A       19%         2

Your spell library contained the following spells:

 Spells                   Type           Power      Damage    Failure   Level
 Sting                    Tmut/Pois      12%        1d3       21%         1
 Blink                    Tloc           0%         N/A       45%         2
 Poisonous Vapours        Pois/Air       0%         N/A       45%         2
 Spider Form              Tmut/Pois      3%         N/A       52%         3
 Ice Form                 Ice/Tmut       4%         N/A       80%         4
 Olgreb's Toxic Radiance  Pois           0%         N/A       97%         4
 Manifold Assault         Tloc           0%         N/A       100%        5
 Storm Form               Tmut/Air       1%         N/A       100%        7


Dungeon Overview and Level Annotations

Branches:
Dungeon (3/15)

Altars:

Annotations:
D:3 Pargi


Innate Abilities, Weirdness & Mutations

You are too large for most types of armour.
You have claws for hands.
Your natural rate of healing is unusually fast.
You are covered in fur. (AC +1)
You have tough skin. (AC +1)


Message History

Pargi bites you. Pargi claws you. Pargi claws you but does no damage.
You closely miss Pargi.
Pargi is moderately wounded.
Pargi misses you. Pargi closely misses you. x2
You closely miss Pargi.
Pargi is moderately wounded.
Pargi bites you but does no damage. Pargi claws you. Pargi closely misses you.
You claw Pargi!
Pargi is heavily wounded.
Pargi closely misses you. Pargi claws you. Pargi barely misses you.
You scratch Pargi but do no damage. Your claw misses Pargi.
Pargi is heavily wounded.
Pargi barely misses you. Pargi claws you but does no damage. x2
You scratch Pargi but do no damage.
Pargi is heavily wounded.
Pargi bites you!
* * * LOW HITPOINT WARNING * * *
Pargi claws you.
* * * LOW HITPOINT WARNING * * *
Pargi claws you but does no damage.
You scratch Pargi.
Pargi is heavily wounded.
Pargi bites you.
* * * LOW HITPOINT WARNING * * *
Pargi barely misses you. Pargi closely misses you.
You claw Pargi!
Pargi is almost dead.
Pargi closely misses you. Pargi claws you but does no damage. Pargi claws you.
* * * LOW HITPOINT WARNING * * *
You barely miss Pargi.
Pargi is almost dead.
Pargi bites you.
* * * LOW HITPOINT WARNING * * *
Pargi claws you but does no damage. x2
You barely miss Pargi.
Pargi is severely wounded.
Pargi bites you.
* * * LOW HITPOINT WARNING * * *
Pargi claws you.
You die...

#...................
#########...........
#...........
#...........
##........###
#...#####...#
##...## ##...##
#8...8# #8T..8#
##...#####@..#
#...##⌠##...#
##...........##
#8...........8#
##...........##
##8###8###8## ###
### ##


You could see Pargi.

Vanquished Creatures
  2 jellies (D:2)
  An orc wizard (D:3)
  An adder (D:2)
  3 orcs (D:3)
  6 ball pythons
  4 bats
  17 endoplasms
  3 giant cockroaches
  2 goblins
  8 hobgoblins
  2 jackals (D:2)
  2 quokkas (D:2)
  2 frilled lizards
  12 kobolds
  4 rats
69 creatures vanquished.

Vanquished Creatures (others)
  A fungus (D:2)
  7 toadstools (D:2)
8 creatures vanquished.

Grand Total: 77 creatures vanquished

Notes
Turn   | Place    | Note
-------+----------+-------------------------------------------
     0 | D:1      | keekatzer the Troll Transmuter began the quest for the Orb.
     0 | D:1      | Reached XP level 1. HP: 18/18 MP: 1/1
    75 | D:1      | Reached skill level 1 in Fighting
   153 | D:1      | Reached XP level 2. HP: 28/28 MP: 2/2
   331 | D:1      | Learned a level 2 spell: Wereblood
  1128 | D:2      | Reached XP level 3. HP: 35/35 MP: 4/4
  1379 | D:2      | Reached skill level 1 in Ice Magic
  1479 | D:2      | Reached XP level 4. HP: 41/42 MP: 5/5
  1852 | D:2      | Reached XP level 5. HP: 49/49 MP: 6/6
  2156 | D:3      | Noticed Pargi
  2176 | D:3      | HP: 2/49 [Pargi (4)]
  2176 | D:3      | Slain by Pargi

Illustrated notes

Levels and vault maps discovered:
D:1:      reono_arrival_mine, layout_basic, chequers_serial_rivers_micro_e,
          minmay_ruptured
D:2:      cheibrodos_fertilizer, layout_basic
D:3:      layout_basic, serial_corexii_hall, corexii_hall_statues_u,
          chequers_hall_statues_y, uniq_grinder, uniq_pargi

Skill      XL: |  1  2  3  4  5 |
---------------+----------------+-----
Fighting       | 1 2 |  2.0
Ice Magic      | 1 |  1.7
Transmutations | 2 |  2.4
Spellcasting   | 2 |  2.0
Dodging        | |  1.5
Unarmed Combat | |  3.0

Action                   |  1- 3 |  4- 6 || total
-------------------------+-------+-------++-------
Melee: Unarmed           |    84 |   103 ||   187
       Punch             |     1 |     1 ||     2
 Cast: Wereblood         |       |     2 ||     2
 Stab: Sleeping          |     4 |     3 ||     7
Armor: Robe              |    29 |    47 ||    76
Dodge: Dodged            |    37 |    53 ||    90
